 Dungeon Crawl Stone Soup version 0.31-a0-1317-gdfb52cbc09 (webtiles) character file.

Game seed: 18301648864600533932

254 tilp the Sneak (level 5, 0/38 HPs)
             Began as a Vampire Enchanter on Dec 19, 2023.
             Slain by a bullfrog (6 damage)
             ... in a sewer on Dec 20, 2023.
             The game lasted 00:05:07 (1956 turns).

tilp the Sneak (Vampire Enchanter)                  Turns: 1956, Time: 00:05:08

Health: 0/38       AC:  2    Str:  7    XL:     5   Next: 90%
Magic:  3/8        EV: 10    Int: 19    God:
Gold:   155        SH:  0    Dex: 21    Spells: 4/9 levels left

rFire   . . .        a - +1 dagger (venom)
rCold   . . .        (no shield)
rNeg    . . .        d - +0 robe
rPois   .            (no helmet)
rElec   .            (no cloak)
rCorr   .            (no gloves)
SInv    +            (no boots)
Will    .....        (no amulet)
Stlth   ++           f - +6 ring of dexterity
HPRegen 0.46/turn    (no ring)
MPRegen 0.11/turn

%: no passive effects
@: healing quickly, constricted, invisible, very slow
A: alive, fangs 3, see invisible, vampiric 2
a: Exsanguinate


You were in a sewer.
You visited 1 branch of the dungeon, and saw 3 of its levels.
You also visited: Sewer.

You collected 155 gold pieces.

Inventory:

Hand Weapons
 a - a +1 dagger of venom (weapon)
 b - a +1 dagger
 n - the +4 mace of Quni {spect, Str+3 Stlth+}
   (You found it in a sewer)

   Str+3:     It affects your strength (+3).
   Stlth+:    It makes you more stealthy.
Missiles
 i - 25 stones
 k - 5 boomerangs (quivered)
Armour
 d - a +0 robe (worn)
Jewellery
 e - a ring of flight
 f - a +6 ring of dexterity (left hand)
Scrolls
 l - a scroll of identify {unknown}
 m - a scroll of blinking {unknown}
Potions
 c - 2 potions of invisibility
 g - 2 potions of haste {unknown}
 h - a potion of heal wounds {unknown}
 j - 2 potions of might {unknown}
 o - a potion of ambrosia {unknown}
 p - a potion of curing {unknown}


   Skills:
 * Level 2.2 Fighting
 * Level 2.9(3.2) Short Blades
 + Level 1.7(2.4) Long Blades
 + Level 3.0 Dodging
 + Level 5.5 Stealth
 + Level 2.5 Spellcasting
 + Level 5.0 Hexes
 + Level 0.5 Ice Magic


You had 4 spell levels left.
You knew the following spells:

 Your Spells              Type           Power      Damage    Failure   Level
a - Ensorcelled Hibernat  Hex/Ice        26%        N/A       8%          2
b - Confusing Touch       Hex            21%        N/A       6%          3

Your spell library contained the following spells:

 Spells                   Type           Power      Damage    Failure   Level
 Tukima's Dance           Hex            21%        N/A       6%          3
 Dazzling Flash           Conj/Hex       24%        N/A       17%         3
 Static Discharge         Conj/Air       4%         3-4/arc   24%         2
 Airstrike                Air            1%         2d(1-17)  85%         4
 Summon Lightning Spire   Summ/Air       2%         N/A       85%         4


Dungeon Overview and Level Annotations

Branches:
Dungeon (3/15)              Sewer (1/1)

Altars:
Xom


Innate Abilities, Weirdness & Mutations

Your natural rate of healing is accelerated.
You have razor-sharp teeth.
You have supernaturally acute eyesight. (SInv)
You are afflicted with vampirism and can become a bat while bloodless.


Message History

The helpless bullfrog fails to defend itself.
You impale the bullfrog!!
You kill the bullfrog!
The ball python closely misses you. The ball python constricts you.
The ball python bites you. The ball python barely misses you.
The ball python closely misses you.
Your Hexes skill increases to level 5!
You escape the ball python's grasp.
You enter the shallow water.
Moving in this stuff is going to be slow.
The ball python barely misses you. The ball python closely misses you.
Your unstable footing causes you to fumble your attack.
The ball python barely misses you. The ball python grabs you.
The ball python constricts you. The ball python bites you.
The bullfrog closely misses you. The ball python barely misses you.
The ball python bites you. The ball python constricts you.
You closely miss the ball python. The bullfrog hits you.
The ball python bites you.
* * * LOW HITPOINT WARNING * * *
The ball python bites you but does no damage.
Your unstable footing causes you to fumble your attack.
The bullfrog barely misses you. The ball python loses its grip on you.
The ball python bites you.
* * * LOW HITPOINT WARNING * * *
The ball python grabs you. The ball python constricts you.
* * * LOW HITPOINT WARNING * * *
The ball python barely misses you.
The ball python bites you but does no damage.
The bullfrog hits you.
* * * LOW HITPOINT WARNING * * *
The ball python closely misses you.
You fade into invisibility!
The ball python misses you. The ball python barely misses you.
The ball python constricts you. The bullfrog hits you.
* * * LOW HITPOINT WARNING * * *
The ball python barely misses you. x2; The ball python misses you.
The ball python bites you but does no damage.
Unknown command.
Your unstable footing causes you to fumble your attack.
The bullfrog hits you.
You die...

#......##..###.....
#.....###..# #.....
#≈≈≈~≈≈##### #≈≈≈~≈
#≈≈≈~≈≈# #≈≈≈~≈
#≈≈≈~≈≈# #≈~~≈≈
#≈≈~~≈≈# #~≈≈≈≈
#≈≈~≈≈≈# #~†≈≈≈
#≈SS≈≈≈# #≈....
#S@#≈≈≈# #≈..[.
#FSS≈≈≈# #≈....
#≈J≈≈≈≈# #≈≈≈≈~
#≈~≈≈≈≈# #≈≈≈≈≈
#≈#~≈≈≈# #≈≈≈~~
#≈≈~~≈≈# #≈≈~≈≈
#≈≈≈~≈≈# #≈~≈≈≈
#≈≈≈~≈≈# #≈~≈≈≈
#≈≈~≈≈≈# #≈~≈≈≈


You could see a bullfrog, an endoplasm and 5 ball pythons.

Vanquished Creatures
  A bullfrog (Sewer)
  A gnoll (D:1)
  8 adders
  3 river rats (Sewer)
  3 worms (D:3)
  A dart slug (D:1)
  An orc (D:3)
  8 ball pythons
  4 endoplasms
  3 giant cockroaches
  3 goblins
  A hobgoblin (D:1)
  3 jackals (D:2)
  4 quokkas
  3 bats
  4 frilled lizards
  5 kobolds
  30 rats
86 creatures vanquished.

Notes
Turn   | Place    | Note
-------+----------+-------------------------------------------
     0 | D:1      | tilp the Vampire Enchanter began the quest for the Orb.
     0 | D:1      | Reached XP level 1. HP: 13/13 MP: 3/3
     0 | D:1      | Upgraded the game from 0.31-a0-1308-ga3cce3a448 to
                  | 0.31-a0-1317-gdfb52cbc09
    69 | D:1      | Reached XP level 2. HP: 14/20 MP: 5/5
   162 | D:1      | Learned a level 2 spell: Ensorcelled Hibernation
   270 | D:1      | Found a faded altar of an unknown god.
   446 | D:1      | Gained mutation: You are afflicted with vampirism and can
                  | become a bat while bloodless. [Vampire growth]
   446 | D:1      | Reached XP level 3. HP: 25/25 MP: 6/6
   460 | D:1      | Learned a level 3 spell: Confusing Touch
   621 | D:2      | Reached skill level 1 in Fighting
   633 | D:2      | Found a shimmering altar of Xom.
   881 | D:2      | Reached XP level 4. HP: 11/32 MP: 0/7
   885 | D:2      | Reached skill level 1 in Long Blades
  1033 | D:2      | Reached skill level 5 in Stealth
  1338 | D:3      | Found a glowing drain.
  1389 | Sewer    | Entered a sewer
  1506 | Sewer    | Reached XP level 5. HP: 31/38 MP: 3/8
  1703 | Sewer    | Identified the +4 mace of Quni {spect, Str+3 Stlth+}
  1951 | Sewer    | Reached skill level 5 in Hexes
  1956 | Sewer    | Slain by a bullfrog

Illustrated notes

Levels and vault maps discovered:
D:1:      lightli_arrival_maybe_door_vault, layout_rooms,
          ebering_ecumenical_altar_petrified
D:2:      layout_rooms, basic_altar, dreamdust_mushroom_princess
D:3:      minmay_skewed_foursquare, layout_basic, cheibrodos_sewer_entry_bend
Sewer:    sewer_minmay_w

Skill      XL: |  1  2  3  4  5 |
---------------+----------------+-----
Fighting       | 1 2 |  2.2
Short Blades   | 2 |  2.9
Long Blades    | 1 |  1.7
Stealth        | 5 |  5.5
Dodging        | 3 |  3.0
Hexes          | 5 |  5.0
Spellcasting   | |  2.5
Ice Magic      | |  0.5

Action                     |  1- 3 |  4- 6 || total
---------------------------+-------+-------++-------
  Melee: Dagger            |    64 |   126 ||   190
         Bite              |     3 |     7 ||    10
         Punch             |     1 |       ||     1
   Cast: Ensorcelled Hiber |     8 |    13 ||    21
         Confusing Touch   |       |     2 ||     2
    Use: Potion            |       |     1 ||     1
   Stab: Sleeping          |    12 |    11 ||    23
         Confused          |       |     2 ||     2
 Armour: Robe              |    32 |    67 ||    99
  Dodge: Dodged            |    29 |    95 ||   124

Table legend: (Time is in decaauts)
 A = Elapsed time spent in this place.
 B = Non-inter-level travel time spent in this place.
 C = Inter-level travel time spent in this place.
 D = Time resting spent in this place.
 E = Time spent auto-exploring this place.
 F = Levels seen in this place.
 G = Mean time per level.
                   A        B        C        D        E       F      G
               +--------+--------+--------+--------+--------+-----+--------+
         Total |   1983 |   1941 |     42 |    231 |   1050 |   4 |  495.8 |
       Dungeon |   1382 |   1340 |     42 |      6 |    948 |   3 |  460.7 |
         Sewer |    600 |    600 |      0 |    225 |    102 |   1 |  600.0 |
               +--------+--------+--------+--------+--------+-----+--------+

Top non-repeatable levels by time:
     D:2: 642 daAuts
     D:1: 606 daAuts
   Sewer: 600 daAuts
     D:3: 133 daAuts
